 Dungeon Crawl Stone Soup version 0.31-a0-185-g9dded2c639 (webtiles) character file.

Game seed: 16347344063599283187

123 qw the Skirmisher (level 4, -1/25 HPs)
             Began as a Deep Elf Hunter on June 22, 2023.
             Slain by an orc
             ... wielding a +0 flail
              (3 damage)
             ... on level 3 of the Dungeon.
             The game lasted 00:00:46 (1900 turns).

qw the Skirmisher (Deep Elf Hunter)                 Turns: 1900, Time: 00:00:46

Health: -1/25      AC:  5    Str: 10    XL:     4   Next: 80%
Magic:  6/6        EV: 11    Int: 14    God:
Gold:   126        SH:  0    Dex: 18    Spells: 3/3 levels left

rFire   . . .        Y - +0 shortbow (chaos)
rCold   . . .        (shield currently unavailable)
rNeg    . . .        d - +0 ring mail
rPois   .            (no helmet)
rElec   .            (no cloak)
rCorr   .            (no gloves)
SInv    .            (no boots)
Will    .....        (no amulet)
Stlth   +            (no ring)
HPRegen 0.24/turn    (no ring)
MPRegen 0.10/turn

%: no passive effects
@: about to teleport
A: no striking features
a: no special abilities


You were on level 3 of the Dungeon.
You visited 1 branch of the dungeon, and saw 3 of its levels.

You collected 126 gold pieces.


   Skills:
 - Level 1.5 Fighting
 + Level 8.2 Ranged Weapons
 - Level 2.4 Dodging
 - Level 1.2 Stealth


You had 3 spell levels left.
You didn't know any spells.
Your spell library was empty.

Inventory:

Hand Weapons
 Y - a +0 shortbow of chaos (weapon)
Armour
 d - a +0 ring mail (worn)
Jewellery
 c - a ring of ice
Scrolls
 a - 2 scrolls of identify
 f - a scroll of enchant weapon {unknown}
 h - a scroll of poison {unknown}
 i - a scroll of blinking {unknown}
Potions
 e - a potion of might
 g - a potion of curing {unknown}

Dungeon Overview and Level Annotations

Branches:
Dungeon (3/15)

Altars:
Dithmenos

Shops:
D:1 [


Message History

The orc wizard closely misses you.
You shoot an arrow. The arrow hits the orc wizard.
The orc wizard's magic leaks into the air.
The orc wizard is severely wounded.
The orc wizard hits you with a +0 dagger.
The orc wizard closely misses you.
You shoot an arrow.
The arrow hits the orc wizard but does no damage.
The orc wizard is severely wounded.
The orc wizard closely misses you. x2
You shoot an arrow.
The arrow hits the orc wizard but does no damage.
The orc wizard seems to speed up.
The orc wizard is severely wounded.
The orc wizard hits you but does no damage.
The orc wizard hits you with a +0 dagger.
You shoot an arrow. The arrow barely misses the orc wizard.
The orc wizard hits you with a +0 dagger.
The orc wizard hits you but does no damage.
You shoot an arrow.
The arrow hits the orc wizard but does no damage.
The orc wizard is severely wounded.
The orc wizard hits you with a +0 dagger.
You shoot an arrow.
The arrow closely misses the orc wizard.
The orc wizard hits you with a +0 dagger. x2
You shoot an arrow. The arrow barely misses the orc wizard.
The orc wizard hits you but does no damage.
The orc wizard barely misses you.
You shoot an arrow. The arrow hits the orc wizard!
The arrow freezes the orc wizard.
You kill the orc wizard!
Your Ranged Weapons skill increases to level 8!
You shoot an arrow. The arrow barely misses the orc.
The orc hits you with a +0 flail!
1900 ||| READING scroll of teleportation.
As you read the scroll of teleportation, it crumbles to dust.
You feel strangely unstable. The orc hits you with a +0 flail.
You die...

.#####.#####.#...........#..#####
.#####.# #.#.##.####...........
.......# #.#.##.####......#####
######## #.....(......###.#
###.#######......# ##.## ##.#####
##...## ###.### #.###o# #.....#
###.# #@# #.....# #...###.#
#.....# #.##....# #.....#
#.##....# #....># #.###...#
####### #.####..# #.....#
#.......# #.###.#####^#
######.#####.#.........# #)#
#.....#.#######


You could see an orc.

Vanquished Creatures
  An orc wizard (D:3)
  2 adders (D:2)
  A worm (D:2)
  3 dart slugs
  8 orcs (D:3)
  4 endoplasms
  A giant cockroach (D:1)
  4 goblins
  5 hobgoblins
  7 jackals (D:1)
  A quokka (D:1)
  2 ball pythons
  4 bats (D:3)
  2 frilled lizards (D:1)
  11 kobolds
  5 rats
61 creatures vanquished.

Notes
Turn   | Place    | Note
-------+----------+-------------------------------------------
     0 | D:1      | qw the Deep Elf Hunter began the quest for the Orb.
     0 | D:1      | Reached XP level 1. HP: 12/12 MP: 3/3
     0 | D:1      | 0 ||| qw: Version: 0.3-a-9-g12657ce
     0 | D:1      | 0 ||| qw: Game counter: 1798
     0 | D:1      | 0 ||| qw: Always use a shield: true
     0 | D:1      | 0 ||| qw: God list: Okawaru
     0 | D:1      | 0 ||| qw: Allow faded altars: false
     0 | D:1      | 0 ||| qw: Do Orc after D:15 true
     0 | D:1      | 0 ||| qw: Do second Lair branch before Depths: true
     0 | D:1      | 0 ||| qw: Lair rune preference: random
     0 | D:1      | 0 ||| qw: Plans: Normal
     0 | D:1      | 0 ||| PLANNING D:1-11
   126 | D:1      | Reached skill level 6 in Ranged Weapons
   126 | D:1      | Reached XP level 2. HP: 10/16 MP: 4/4
   256 | D:1      | Found Eceng's Armour Emporium.
   256 | D:1      | Noticed an animated plate armour
   259 | D:1      | Noticed an animated crystal plate armour
   266 | D:1      | 266 ||| SHOPLISTING +2 ring mail of positive energy (234
                  | gold, have 53).
   266 | D:1      | 266 ||| SHOPLISTING +3 scale mail of fire resistance (338
                  | gold, have 53).
   480 | D:1      | Reached XP level 3. HP: 20/20 MP: 5/5
   539 | D:1      | 539 ||| UPGRADING to +0 ring mail.
   549 | D:1      | 549 ||| DROPPING +0 leather armour.
   550 | D:1      | 550 ||| READING 2 scrolls labelled SENOBB IBAHAUL.
   551 | D:1      | 551 ||| DROPPING scroll of butterflies.
   736 | D:2      | Reached skill level 7 in Ranged Weapons
  1324 | D:2      | 1324 ||| READING scroll labelled NAB WULATO.
  1325 | D:2      | 1325 ||| READING scroll labelled BAGGIT OFEBOO.
  1328 | D:2      | 1328 ||| READING scroll labelled DAUXZA OSOPIU.
  1329 | D:2      | 1329 ||| READING scroll labelled OWAITE ODAOCWI.
  1330 | D:2      | 1330 ||| READING 2 scrolls of identify.
  1330 | D:2      | 1330 ||| IDENTIFYING fizzy grey potion
  1341 | D:3      | Reached XP level 4. HP: 25/25 MP: 6/6
  1622 | D:3      | Found a shadowy altar of Dithmenos.
  1899 | D:3      | Reached skill level 8 in Ranged Weapons
  1899 | D:3      | HP: 2/25 [orc/+0 flail (7)]
  1900 | D:3      | 1900 ||| READING scroll of teleportation.
  1900 | D:3      | Slain by an orc

Levels and vault maps discovered:
D:1:      erik_arrival_triangle_huge, layout_basic, serial_shops,
          nicolae_shop_mannequins
D:2:      layout_loops_ring, serial_forest, infiniplex_forest_straight_4,
          infiniplex_forest_join, infiniplex_forest_straight_5,
          infiniplex_forest_straight_1, infiniplex_forest_clump_double,
          infiniplex_forest_lined_corner, infiniplex_forest_fountain
D:3:      layout_loops_cross, grunt_dithmenos_smoke_and_mirrors,
          chequers_mini_garden

Skill      XL: |  1  2  3  4 |
---------------+-------------+-----
Ranged Weapons | 6 7 8 |  8.2
Fighting       | |  1.5
Dodging        | |  2.4
Stealth        | |  1.2

Action                     |  1- 3 |  4- 6 || total
---------------------------+-------+-------++-------
   Fire: Shortbow          |   110 |    72 ||   182
    Use: Scroll            |     6 |     1 ||     7
 Armour: Leather armour    |     8 |       ||     8
         Ring mail         |     5 |    11 ||    16
  Dodge: Dodged            |    28 |    20 ||    48

Table legend:
 A = Non-vault XP
 B = Vault XP
 C = Vault XP percentage of total XP
 D = Non-vault monster count
 E = Vault monster count
 F = Vault count percentage of total count
                 A         B        C        D         E       F
            +---------+---------+-------+---------+---------+-------
      Total |     177 |       0 |   0.0 |      61 |       0 |   0.0
            +---------+---------+-------+---------+---------+-------
        D:1 |      46 |       0 |   0.0 |      27 |       0 |   0.0
        D:2 |      47 |       0 |   0.0 |      10 |       0 |   0.0
        D:3 |      84 |       0 |   0.0 |      24 |       0 |   0.0
            +---------+---------+-------+---------+---------+-------
